 Dungeon Crawl Stone Soup version 0.32-a0-928-g1cae6b7ea0 (webtiles) character file.

Game seed: 10759648822420074680

2171 horus123 the Covered (level 9, -3/67 HPs)
             Began as a Demonspawn Gladiator on Apr 12, 2024.
             Was a Follower of Beogh.
             Slain by a lemure (4 damage)
             ... led by Pikel
             ... on level 6 of the Dungeon.
             The game lasted 00:13:57 (4960 turns).

horus123 the Covered (Demonspawn Gladiator)         Turns: 4960, Time: 00:13:58

Health: -3/67      AC: 18    Str: 23    XL:     9   Next: 11%
Magic:  9/9        EV:  6    Int:  9    God:    Beogh [*.....]
Gold:   357        SH: 22    Dex: 22    Spells: 8/8 levels left

rFire   . . .        a - +0 flail
rCold   . . .        o - +2 tower shield
rNeg    . . .        u - +0 chain mail
rPois   .            c - +0 helmet
rElec   .            p - +0 cloak
rCorr   .            t - +0 pair of gloves
SInv    .            (no boots)
Will    .....        y - amulet of reflection
Stlth   +++          i - +6 ring of strength
HPRegen 0.31/turn    B - +4 ring of protection
MPRegen 0.11/turn

%: reflection
@: wreathed by umbra
A: hooves 1, thin skeletal structure 3, demonic magic 1, foul shadow 1
a: Renounce Religion


You were on level 6 of the Dungeon.
You worshipped Beogh.
Beogh was aware of your devotion.
You visited 1 branch of the dungeon, and saw 6 of its levels.

You collected 357 gold pieces.

Inventory:

Hand Weapons
 a - a +0 flail (weapon)
Missiles
 d - 3 throwing nets (quivered)
 e - a javelin
Armour
 c - a +0 helmet (worn)
 o - a +2 tower shield (worn)
 p - a +0 cloak (worn)
 t - a +0 pair of gloves (worn)
 u - a +0 chain mail (worn)
 C - a +1 hat
Jewellery
 i - a +6 ring of strength (left hand)
 j - a ring of willpower
 y - an amulet of reflection (around neck)
 z - a ring of flight
 B - a +4 ring of protection (right hand)
Wands
 f - a wand of iceblast (2)
Scrolls
 m - a scroll of immolation
 q - a scroll of fear {unknown}
 r - 2 scrolls of blinking {unknown}
 s - a scroll of amnesia {unknown}
 w - a scroll of fog {unknown}
 A - 2 scrolls of vulnerability {unknown}
 D - a scroll of teleportation
 F - a scroll of identify
Potions
 b - a potion of enlightenment {unknown}
 g - 3 potions of attraction
 h - a potion of haste
 k - 2 potions of degeneration
 l - a potion of curing {unknown}
 n - 2 potions of lignification
 v - a potion of heal wounds {unknown}
 x - a potion of might {unknown}
 E - 2 potions of brilliance {unknown}


   Skills:
 + Level 4.8 Fighting
 - Level 6.0 Maces & Flails
 - Level 1.7 Throwing
 - Level 7.0 Armour
 - Level 2.6 Dodging
 - Level 5.0 Shields


You had 8 spell levels left.
You didn't know any spells.
Your spell library contained the following spells:

 Spells                   Type           Power      Damage    Failure   Level
 Sting                    Conj/Alch      0%         1d3       100%        1
 Scorch                   Fire           0%         2d5       100%        2
 Mephitic Cloud           Conj/Alch/Air  0%         N/A       100%        3
 Flame Wave               Conj/Fire      0%         2d4       100%        4
 Summon Cactus Giant      Summ           0%         N/A       100%        6
 Fire Storm               Conj/Fire      0%         5d1       100%        9


Dungeon Overview and Level Annotations

Branches:
Dungeon (6/15)             Temple (0/1) D:6

Altars:
Cheibriados
Kikubaaqudgha
Nemelex Xobeh
Qazlal
Trog
Uskayaw
Vehumet
Wu Jian

Shops:
D:3 ?

Annotations:
D:6 Pikel


Innate Abilities, Weirdness & Mutations

You have large cloven feet.
You have an unnaturally thin skeletal structure. (Dex +6, Stealth+++)
Spells you cast may paralyse adjacent enemies.
You are faintly shadowed, very rarely releasing foul flame when damaged in melee.


Message History

You barely miss Pikel. You kick Pikel, but do no damage.
Pikel is almost dead.
The lemure hits you but does no damage. You block the lemure's attack.
The lemure hits you but does no damage. Pikel barely misses you.
You block the lemure's attack.
You barely miss Pikel.
Pikel is almost dead.
The lemure hits you. You block the lemure's attack. You block Pikel's attack.
You block the lemure's attack. The lemure hits you but does no damage.
You block the lemure's attack. The lemure closely misses you.
Pikel barely misses you. The lemure closely misses you.
The lemure hits you but does no damage.
You barely miss Pikel.
Pikel is almost dead.
You block the lemure's attack. x3
Pikel hits you with a +2 whip of electrocution!
* * * LOW HITPOINT WARNING * * *
You block the lemure's attack.
You miss Pikel. You kick Pikel.
Pikel is almost dead.
The lemure hits you but does no damage. You block the lemure's attack. x2
Pikel barely misses you. You block the lemure's attack.
Unknown command.
You hit Pikel but do no damage. Your kick misses Pikel.
Pikel is almost dead.
You block the lemure's attack. x2
Pikel cracks his whip.
Pikel hits you but does no damage. You block the lemure's attack. x2
The lemure barely misses you. x2
Pikel says, "I'm sure the Orcish Mines are around here somewhere..."
Pikel hits you but does no damage.
You are electrocuted!
* * * LOW HITPOINT WARNING * * *
The lemure closely misses you. The lemure barely misses you.
You hit Pikel. Your kick misses Pikel.
Pikel is almost dead.
The lemure hits you.
* * * LOW HITPOINT WARNING * * *
You block the lemure's attack. The lemure closely misses you.
You block Pikel's attack. The lemure hits you.
You die...

############## ##
#................ ####
#.#..#..#5K#..#.. .†.#
#........@5...... ##.#
#.......(55.....> #.#
#.#..............
##'#####.#..#..#..#..#..
#.......................
#.........##############
#..........#
#<.........#
#..........#


You could see Pikel and 4 lemures.

Vanquished Creatures
  A troll (D:6)
  Eustachio (D:4)
  Menkaure (D:6)
  An ice beast (D:5)
  3 black bears (D:6)
  A centaur (D:6)
  An ogre (D:4)
  3 phantoms (D:6)
  4 scorpions
  A bullfrog (D:6)
  A wight (D:6)
  A hound (D:4)
  2 gnoll boudas
  2 jellies
  Ijyb (D:3)
  3 orc wizards
  2 iguanas (D:4)
  Robin (D:2)
  8 adders
  8 gnolls (D:5)
  2 shadow imps
  2 white imps
  3 dart slugs
  3 ribbon worms
  9 orcs
  7 ball pythons
  3 bats
  14 endoplasms
  2 giant cockroaches
  13 goblins
  6 hobgoblins
  3 jackals (D:5)
  9 kobolds
  7 quokkas
  4 frilled lizards
  8 rats
141 creatures vanquished.

Notes
Turn   | Place    | Note
-------+----------+-------------------------------------------
     0 | D:1      | horus123 the Demonspawn Gladiator began the quest for the
                  | Orb.
     0 | D:1      | Reached XP level 1. HP: 16/16 MP: 1/1
    77 | D:1      | Gained mutation: You have a somewhat thin skeletal
                  | structure. (Dex +2, Stealth+) [demonic ancestry]
    77 | D:1      | Reached XP level 2. HP: 8/22 MP: 2/2
   719 | D:2      | Gained mutation: Spells you cast may paralyse adjacent
                  | enemies. [demonic ancestry]
   719 | D:2      | Reached XP level 3. HP: 27/27 MP: 3/3
  1031 | D:2      | Noticed Robin
  1052 | D:2      | Gained mutation: You have a moderately thin skeletal
                  | structure. (Dex +4, Stealth++) [demonic ancestry]
  1052 | D:2      | Reached XP level 4. HP: 23/33 MP: 4/4
  1071 | D:2      | Killed Robin
  1455 | D:3      | Reached skill level 5 in Maces & Flails
  1525 | D:3      | Noticed Ijyb
  1557 | D:3      | Killed Ijyb
  1558 | D:3      | Reached XP level 5. HP: 36/38 MP: 5/5
  1984 | D:3      | Found Aschod's Magic Scroll Emporium.
  2165 | D:4      | Noticed an ogre
  2175 | D:4      | Killed an ogre
  2176 | D:4      | Reached skill level 1 in Shields
  2281 | D:4      | Gained mutation: You have an unnaturally thin skeletal
                  | structure. (Dex +6, Stealth+++) [demonic ancestry]
  2281 | D:4      | Reached XP level 6. HP: 43/44 MP: 6/6
  2451 | D:4      | Got Huatysch's Parchment of the Unrefined Missiles
  2510 | D:4      | Noticed Eustachio
  2524 | D:4      | Became a worshipper of Beogh the Shepherd
  2853 | D:4      | Killed Eustachio
  2854 | D:4      | Gained mutation: You are faintly shadowed, very rarely
                  | releasing foul flame when damaged in melee. [demonic
                  | ancestry]
  2854 | D:4      | Reached XP level 7. HP: 47/50 MP: 7/7
  3138 | D:5      | Entered Level 5 of the Dungeon
  3347 | D:5      | Reached skill level 5 in Shields
  3358 | D:5      | Reached skill level 1 in Armour
  3364 | D:5      | Reached skill level 2 in Armour
  3486 | D:5      | Reached skill level 3 in Armour
  3520 | D:5      | Reached * piety under Beogh
  3743 | D:5      | Found an ancient bone altar of Kikubaaqudgha.
  3743 | D:5      | Found a radiant altar of Vehumet.
  3763 | D:5      | Found a stormy altar of Qazlal.
  3779 | D:5      | Found a sparkling altar of Nemelex Xobeh.
  4038 | D:6      | Reached XP level 8. HP: 56/56 MP: 8/8
  4078 | D:6      | Found a bloodstained altar of Trog.
  4082 | D:6      | Found a snail-covered altar of Cheibriados.
  4097 | D:6      | Reached skill level 4 in Armour
  4209 | D:5      | Found an ornate altar of the Wu Jian Council.
  4336 | D:6      | Noticed a troll
  4352 | D:6      | Killed a troll
  4353 | D:6      | Reached skill level 5 in Armour
  4490 | D:6      | Noticed Menkaure
  4506 | D:6      | Reached skill level 6 in Armour
  4510 | D:6      | Killed Menkaure
  4574 | D:6      | Reached skill level 7 in Armour
  4769 | D:6      | Gained mutation: You have large cloven feet. [demonic
                  | ancestry]
  4769 | D:6      | Reached XP level 9. HP: 65/65 MP: 9/9
  4771 | D:6      | Found a hide-covered altar of Uskayaw.
  4943 | D:6      | Noticed Pikel
  4946 | D:6      | Found a staircase to the Ecumenical Temple.
  4960 | D:6      | HP: 1/67 [lemure[Pikel] (5)]
  4960 | D:6      | Slain by a lemure

Illustrated notes

Levels and vault maps discovered:
D:1:      onia_arrival_handbag, layout_rooms
D:2:      layout_basic, uniq_robin
D:3:      layout_loops_ring, serial_shops, shop, uniq_ijyb
D:4:      layout_cave_pools, uniq_eustachio
D:5:      layout_basic, nicolae_overflow_macrodata_refinement,
          nicolae_overflow_hidden_temple
D:6:      hangedman_cross_stitches, layout_basic,
          eat_drink_and_be_merry_uskayaw, grunt_temple_overflow_open,
          temple_hall, hangedman_abyss_or_decor_jellyfish_corner,
          nrook_mini_backslash, uniq_pikel, uniq_menkaure

Skill      XL: |  1  2  3  4  5  6  7  8 |
---------------+-------------------------+-----
Maces & Flails | 3 4 5 6 |  6.0
Shields        | 1 4 5 |  5.0
Armour         | 3 7 |  7.0
Fighting       | 4 |  4.8
Throwing       | |  1.7
Dodging        | |  2.6

Action                     |  1- 3 |  4- 6 |  7- 9 || total
---------------------------+-------+-------+-------++-------
  Melee: Flail             |   116 |   171 |   252 ||   539
         Kick              |       |       |    12 ||    12
 Invoke: Convert to Beogh  |       |     1 |       ||     1
  Evoke: Wand              |       |     2 |       ||     2
    Use: Scroll            |       |     6 |     5 ||    11
   Stab: Sleeping          |     7 |     2 |     7 ||    16
         Distracted        |       |       |     2 ||     2
 Armour: Leather armour    |    84 |    10 |       ||    94
         Ring mail         |       |    14 |       ||    14
         Chain mail        |       |   119 |   147 ||   266
  Dodge: Dodged            |    86 |    45 |    64 ||   195
  Block: Tower shield      |    40 |   176 |   380 ||   596
         Reflection        |       |       |     5 ||     5

Table legend: (Time is in decaauts)
 A = Elapsed time spent in this place.
 B = Non-inter-level travel time spent in this place.
 C = Inter-level travel time spent in this place.
 D = Time resting spent in this place.
 E = Time spent auto-exploring this place.
 F = Levels seen in this place.
 G = Mean time per level.
                   A        B        C        D        E       F      G
               +--------+--------+--------+--------+--------+-----+--------+
         Total |   5162 |   5080 |     82 |    809 |   2760 |   6 |  860.3 |
       Dungeon |   5162 |   5080 |     82 |    809 |   2760 |   6 |  860.3 |
               +--------+--------+--------+--------+--------+-----+--------+

Top non-repeatable levels by time:
     D:6: 962 daAuts
     D:3: 961 daAuts
     D:5: 948 daAuts
     D:2: 832 daAuts
     D:4: 824 daAuts
     D:1: 633 daAuts
